ITL
DETROIT X-WINGS @ TUSCALOOSA TROUT SLAYERS
06/19/2027
 
TOP OF THE 1ST
Detroit X-Wings batting - Pitching for Tuscaloosa Trout Slayers : RHP Rafael Ramírez
Pitching: RHP Rafael Ramírez
Batting: LHB Sergio Luna 0-0: Foul Ball, location: 2F
0-1: Called Strike
0-2: Strikes out looking
Batting: RHB Gary Witt 0-0: Called Strike
0-1: Ball
1-1: Ball
2-1: Ball
3-1: Base on Balls
Batting: LHB Juan Colón 0-0: Ball
1-0: Ball
2-0: Foul Ball, location: 2F
2-1: Called Strike
2-2: Ball
3-2: SINGLE (Flyball, 7S)
Gary Witt to second
Batting: LHB Chris Loudermilk 0-0: SINGLE (Line Drive, 9S)
Gary Witt to third
Juan Colón to second
Runner from 3rd tries for Home, SAFE, throw made home
Juan Colón to third
Chris Loudermilk to second
Batting: RHB Júlio López 0-0: Called Strike
0-1: Foul Ball, location: 2F
0-2: Foul Ball, location: 2F
0-2: Ground out 4-3 (Groundball, 4)
Juan Colón scores
Chris Loudermilk to third
Batting: RHB Enrique Aguilar 0-0: Ball
1-0: Foul Ball, location: 2F
1-1: Ball
2-1: Ball
3-1: Swinging Strike
3-2: Foul Ball, location: 2F
3-2: Base on Balls
Batting: RHB Carlos Aguirre 0-0: Ball
1-0: Hit by Pitch
Enrique Aguilar to second
Batting: SHB Felipe Detorres 0-0: Ball
1-0: Foul Ball, location: 2F
1-1: Ball
2-1: Ball
3-1: Base on Balls
Chris Loudermilk scores
Enrique Aguilar to third
Carlos Aguirre to second
Batting: LHB Paul Alston 0-0: Foul Ball, location: 2F
0-1: Ball
1-1: Ball
2-1: SINGLE (Groundball, 4M) (infield hit)
Enrique Aguilar scores
Carlos Aguirre to third
Felipe Detorres to second
Batting: LHB Sergio Luna 0-0: Called Strike
0-1: Called Strike
0-2: Ball
1-2: Ground out U3 (Groundball, 34)
Top of the 1st over - 4 run(s), 3 hit(s), 0 error(s), 3 left on base; Detroit 4 - Tuscaloosa 0
BOTTOM OF THE 1ST
Tuscaloosa Trout Slayers batting - Pitching for Detroit X-Wings : RHP Joe Hopkins
Pitching: RHP Joe Hopkins
Batting: RHB Pat Fullerton 0-0: Ball
1-0: Ground out 5-3 (Groundball, 56S)
Batting: RHB José Fernández 0-0: Called Strike
0-1: Ball
1-1: Ball
2-1: Ball
3-1: Called Strike
3-2: Base on Balls
Batting: LHB Pat Zimmerman 0-0: Called Strike
0-1: Fly out, F8 (Flyball, 8LM)
Batting: RHB Ben Morton 0-0: Foul Ball, location: 2F
0-1: Ball
1-1: Fielders Choice at 2nd, 6-4 (Groundball, 6)
Bottom of the 1st over - 0 run(s), 0 hit(s), 0 error(s), 0 left on base; Detroit 4 - Tuscaloosa 0
TOP OF THE 2ND
Detroit X-Wings batting - Pitching for Tuscaloosa Trout Slayers : RHP Rafael Ramírez
Batting: RHB Gary Witt 0-0: Fly out, F8 (Flyball, 8LM)
Batting: LHB Juan Colón 0-0: Ball
1-0: Ball
2-0: Called Strike
2-1: Ball
3-1: Swinging Strike
3-2: Base on Balls
Batting: LHB Chris Loudermilk 0-0: Ball
1-0: Fielders Choice at 2nd, 1-6 (Groundball, 13)
Batting: RHB Júlio López 0-0: Ball
1-0: TRIPLE (Line Drive, 8RM)
Chris Loudermilk scores
Batting: RHB Enrique Aguilar 0-0: SINGLE (Groundball, 4MD)
Júlio López scores
Batting: RHB Carlos Aguirre 0-0: Ball
1-0: Foul Ball, location: 2F
1-1: Ball
2-1: Ball
3-1: Foul Ball, location: 2F
3-2: SINGLE (Groundball, 4MD)
Enrique Aguilar to second
Enrique Aguilar to third
Batting: SHB Felipe Detorres 0-0: Ball
1-0: Ball
2-0: SINGLE (Line Drive, 6MD)
Enrique Aguilar scores
Carlos Aguirre to second
Pitching: LHP Mike Scott
Batting: LHB Paul Alston 0-0: Ball
1-0: Foul Ball, location: 2F
1-1: Ball
2-1: Swinging Strike
2-2: Foul Ball, location: 2F
2-2: DOUBLE (Groundball, 3L)
Carlos Aguirre scores
Felipe Detorres to third
Batting: LHB Sergio Luna 0-0: Called Strike
0-1: Swinging Strike
0-2: Ball
1-2: Ball
2-2: Strikes out swinging
Top of the 2nd over - 4 run(s), 5 hit(s), 0 error(s), 2 left on base; Detroit 8 - Tuscaloosa 0
BOTTOM OF THE 2ND
Tuscaloosa Trout Slayers batting - Pitching for Detroit X-Wings : RHP Joe Hopkins
Batting: LHB Marcos Villarreal 0-0: Ball
1-0: Foul Ball, location: 2F
1-1: Called Strike
1-2: Strikes out swinging
Batting: RHB Shigemasa Ishida 0-0: Swinging Strike
0-1: Foul Ball, location: 2F
0-2: Ball
1-2: Ball
2-2: Strikes out swinging
Batting: LHB Miguel Rosa 0-0: Foul Ball, location: 2F
0-1: Ball
1-1: Ball
2-1: Fly out, F7 (Flyball, 78S)
Bottom of the 2nd over - 0 run(s), 0 hit(s), 0 error(s), 0 left on base; Detroit 8 - Tuscaloosa 0
TOP OF THE 3RD
Detroit X-Wings batting - Pitching for Tuscaloosa Trout Slayers : LHP Mike Scott
Batting: RHB Gary Witt 0-0: Ball
1-0: Called Strike
1-1: Ball
2-1: Ball
3-1: Base on Balls
Batting: LHB Juan Colón 0-0: Ball
1-0: Called Strike
1-1: Foul Ball, location: 2F
1-2: Fly out, F7 (Flyball, 78S)
Batting: LHB Chris Loudermilk 0-0: Fly out, F3 (Line Drive, 3S)
Batting: RHB Júlio López 0-0: Ground out 6-3 (Groundball, 6M)
Top of the 3rd over - 0 run(s), 0 hit(s), 0 error(s), 1 left on base; Detroit 8 - Tuscaloosa 0
BOTTOM OF THE 3RD
Tuscaloosa Trout Slayers batting - Pitching for Detroit X-Wings : RHP Joe Hopkins
Batting: RHB Jason Saunders 0-0: Ball
1-0: Ball
2-0: Ball
3-0: Called Strike
3-1: Base on Balls
Batting: LHB Mark Owens 0-0: Grounds into double play, 6-4-3 (Groundball, 6)
Batting: RHB Pat Fullerton 0-0: Ball
1-0: Ball
2-0: Ball
3-0: Called Strike
3-1: Base on Balls
Batting: RHB José Fernández 0-0: Ball
1-0: Called Strike
1-1: Ground out 6-3 (Groundball, 6S)
Bottom of the 3rd over - 0 run(s), 0 hit(s), 0 error(s), 1 left on base; Detroit 8 - Tuscaloosa 0
TOP OF THE 4TH
Detroit X-Wings batting - Pitching for Tuscaloosa Trout Slayers : LHP Mike Scott
Batting: RHB Enrique Aguilar 0-0: Ball
1-0: Called Strike
1-1: Ball
2-1: Ball
3-1: Foul Ball, location: 2F
3-2: Ground out 6-3 (Groundball, 6M)
Batting: RHB Carlos Aguirre 0-0: Ball
1-0: Ball
2-0: Called Strike
2-1: Foul Ball, location: 2F
2-2: Foul Ball, location: 2F
2-2: Ball
3-2: Base on Balls
Pitching: LHP Claude Pinard
Batting: SHB Felipe Detorres 0-0: Called Strike
0-1: SINGLE (Line Drive, 6D)
Carlos Aguirre to second
Batting: LHB Paul Alston 0-0: Foul Ball, location: 2F
0-1: Called Strike
0-2: Hit by Pitch
Carlos Aguirre to third
Felipe Detorres to second
Batting: LHB Sergio Luna 0-0: Called Strike
0-1: SINGLE (Flyball, 8RS)
Carlos Aguirre scores
Felipe Detorres to third
Paul Alston to second
Runner from 3rd tries for Home, SAFE, throw made home
Paul Alston to third
Sergio Luna to second
Batting: RHB Gary Witt 0-0: Ball
1-0: Ball
2-0: Ball
3-0: Base on Balls
Batting: LHB Juan Colón 0-0: Foul Ball, location: 2F
0-1: Fielders Choice at 3rd, U5 (Groundball, 5L)
Paul Alston scores
Gary Witt to second
Batting: LHB Chris Loudermilk 0-0: SINGLE (Line Drive, 8LS)
Gary Witt to third
Juan Colón to second
Runner from 3rd tries for Home, SAFE, no throw
Pitching: RHP Marlon Ryan
Batting: RHB Júlio López 0-0: Fielders Choice at 2nd, 4-6 (Groundball, 4)
Top of the 4th over - 4 run(s), 3 hit(s), 0 error(s), 1 left on base; Detroit 12 - Tuscaloosa 0
BOTTOM OF THE 4TH
Tuscaloosa Trout Slayers batting - Pitching for Detroit X-Wings : RHP Joe Hopkins
Batting: LHB Pat Zimmerman 0-0: Fly out, F6 (Line Drive, 6)
Batting: RHB Ben Morton 0-0: Ball
1-0: Fly out, F7 (Line Drive, 7LD)
Batting: LHB Marcos Villarreal 0-0: Ball
1-0: Foul Ball, location: 2F
1-1: SINGLE (Groundball, 34D)
Batting: RHB Shigemasa Ishida 0-0: Ball
1-0: Called Strike
1-1: Hit by Pitch
Marcos Villarreal to second
Batting: LHB Miguel Rosa 0-0: SINGLE (Groundball, 6MD)
Marcos Villarreal to third
Shigemasa Ishida to second
Runner from 3rd tries for Home, SAFE, no throw
Batting: RHB Jason Saunders 0-0: Ball
1-0: Ball
2-0: Ball
3-0: Called Strike
3-1: Base on Balls
Shigemasa Ishida to third
Miguel Rosa to second
Batting: LHB Mark Owens 0-0: Ball
1-0: Foul Ball, location: 2F
1-1: Foul Ball, location: 2F
1-2: Strikes out swinging
Bottom of the 4th over - 1 run(s), 2 hit(s), 0 error(s), 3 left on base; Detroit 12 - Tuscaloosa 1
TOP OF THE 5TH
Detroit X-Wings batting - Pitching for Tuscaloosa Trout Slayers : RHP Marlon Ryan
Batting: RHB Enrique Aguilar 0-0: Ball
1-0: SOLO HOME RUN (Line Drive, 7D), Distance : 348 ft
Batting: RHB Carlos Aguirre 0-0: Foul Ball, location: 2F
0-1: Foul Ball, location: 2F
0-2: Ground out 6-3 (Groundball, 6)
Batting: SHB Felipe Detorres 0-0: Swinging Strike
0-1: DOUBLE (Line Drive, 8RXD)
Batting: LHB Paul Alston 0-0: SINGLE (Groundball, 56D)
Felipe Detorres to third
Batting: LHB Sergio Luna 0-0: Called Strike
0-1: Ball
1-1: Foul Ball, location: 2F
1-2: Ball
2-2: Ball
3-2: Strikes out swinging
Batting: RHB Gary Witt Pickoff Throw to First - Out!
Top of the 5th over - 1 run(s), 3 hit(s), 0 error(s), 0 left on base; Detroit 13 - Tuscaloosa 1
BOTTOM OF THE 5TH
Tuscaloosa Trout Slayers batting - Pitching for Detroit X-Wings : RHP Joe Hopkins
Batting: RHB Pat Fullerton 0-0: Ball
1-0: Called Strike
1-1: Ball
2-1: Foul Ball, location: 2F
2-2: Foul Ball, location: 2F
2-2: Strikes out looking
Batting: RHB José Fernández 0-0: Foul Ball, location: 2F
0-1: Swinging Strike
0-2: Foul Ball, location: 2F
0-2: Ball
1-2: SOLO HOME RUN (Flyball, 7D), Distance : 359 ft
Batting: LHB Pat Zimmerman 0-0: Ground out 4-3 (Groundball, 4)
Batting: RHB Ben Morton 0-0: Ball
1-0: Fly out, F8 (Flyball, 8LM)
Bottom of the 5th over - 1 run(s), 1 hit(s), 0 error(s), 0 left on base; Detroit 13 - Tuscaloosa 2
TOP OF THE 6TH
Detroit X-Wings batting - Pitching for Tuscaloosa Trout Slayers : RHP Marlon Ryan
Batting: RHB Gary Witt 0-0: Ball
1-0: SINGLE (Groundball, 6MD)
Batting: LHB Juan Colón 0-0: Fielders Choice at 2nd, 4-6 (Groundball, 4D)
Batting: LHB Chris Loudermilk 0-0: Ball
1-0: SINGLE (Groundball, 34D)
Juan Colón to second
Throwing error, E9
Juan Colón scores
Chris Loudermilk to second
Batting: RHB Júlio López 0-0: Ball
1-0: Fly out, F8 (Flyball, 8RM)
Batting: RHB Enrique Aguilar 0-0: Ball
1-0: Ball
2-0: Ball
3-0: Called Strike
3-1: Swinging Strike
3-2: Base on Balls
Batting: RHB Carlos Aguirre 0-0: Ball
1-0: Ground out 1-3 (Groundball, 13S)
Top of the 6th over - 1 run(s), 2 hit(s), 1 error(s), 2 left on base; Detroit 14 - Tuscaloosa 2
BOTTOM OF THE 6TH
Tuscaloosa Trout Slayers batting - Pitching for Detroit X-Wings : RHP Joe Hopkins
Batting: LHB Marcos Villarreal 0-0: Called Strike
0-1: SOLO HOME RUN (Flyball, 9D), Distance : 386 ft
Batting: RHB Shigemasa Ishida 0-0: Called Strike
0-1: Reached on error, E7 (Flyball, 7)
Batting: LHB Miguel Rosa 0-0: DOUBLE (Flyball, 78XD)
Shigemasa Ishida to third
Batting: RHB Jason Saunders 0-0: Foul Ball, location: 2F
0-1: Fly out, F9 (Flyball, 9LS)
Runner from 3rd tags up, SCORES, no throw
Batting: LHB Mark Owens 0-0: Ball
1-0: Called Strike
1-1: Ground out 6-3 (Groundball, 6)
Miguel Rosa to third
Batting: RHB Pat Fullerton 0-0: Called Strike
0-1: Foul Ball, location: 2F
0-2: Ball
1-2: Ball
2-2: Fly out, F5 (Popup, 5S)
Bottom of the 6th over - 2 run(s), 2 hit(s), 1 error(s), 1 left on base; Detroit 14 - Tuscaloosa 4
TOP OF THE 7TH
Detroit X-Wings batting - Pitching for Tuscaloosa Trout Slayers : RHP Marlon Ryan
Batting: SHB Felipe Detorres 0-0: Foul Ball, location: 2F
0-1: Ground out 6-3 (Groundball, 6)
Batting: LHB Paul Alston 0-0: Ball
1-0: SINGLE (Groundball, 6D)
Batting: LHB Sergio Luna 0-0: Swinging Strike
0-1: Ball
1-1: Foul Ball, location: 2F
1-2: Strikes out swinging
Batting: RHB Gary Witt 0-0: Called Strike
0-1: Ball
1-1: Ball
2-1: Foul Ball, location: 2F
2-2: Ball
3-2: Ground out 5-3 (Groundball, 56)
Top of the 7th over - 0 run(s), 1 hit(s), 0 error(s), 1 left on base; Detroit 14 - Tuscaloosa 4
BOTTOM OF THE 7TH
Tuscaloosa Trout Slayers batting - Pitching for Detroit X-Wings : RHP Joe Hopkins
Pitching: RHP Art Kelley
Batting: RHB José Fernández 0-0: Ball
1-0: Ball
2-0: Foul Ball, location: 2F
2-1: Foul Ball, location: 2F
2-2: Foul Ball, location: 2F
2-2: Ball
3-2: SINGLE (Groundball, 56D)
Batting: LHB Pat Zimmerman 0-0: Called Strike
0-1: Ball
1-1: Ball
2-1: Grounds into double play, 4-6-3 (Groundball, 4)
Batting: RHB Ben Morton 0-0: Foul Ball, location: 2F
0-1: Swinging Strike
0-2: Foul Ball, location: 2F
0-2: Ball
1-2: Ball
2-2: Fly out, F6 (Popup, 6D)
Bottom of the 7th over - 0 run(s), 1 hit(s), 0 error(s), 0 left on base; Detroit 14 - Tuscaloosa 4
TOP OF THE 8TH
Detroit X-Wings batting - Pitching for Tuscaloosa Trout Slayers : RHP Marlon Ryan
Pitching: LHP Luis López
Batting: LHB Juan Colón 0-0: Foul Ball, location: 2F
0-1: Ground out 5-3 (Groundball, 5)
Batting: LHB Chris Loudermilk 0-0: Ball
1-0: Foul Ball, location: 2F
1-1: Fly out, F8 (Line Drive, 8LM)
Batting: RHB Júlio López 0-0: Called Strike
0-1: Reached on error, E6 (Groundball, 6)
Batting: RHB Enrique Aguilar 0-0: Fly out, F8 (Flyball, 89M)
Top of the 8th over - 0 run(s), 0 hit(s), 1 error(s), 1 left on base; Detroit 14 - Tuscaloosa 4
BOTTOM OF THE 8TH
Tuscaloosa Trout Slayers batting - Pitching for Detroit X-Wings : RHP Art Kelley
Pinch Hitting: LHB Ed Hart 0-0: Ball
1-0: Ball
2-0: Called Strike
2-1: Ball
3-1: Fly out, F5 (Popup, 5S)
Batting: RHB Shigemasa Ishida 0-0: Called Strike
0-1: Foul Ball, location: 2F
0-2: Foul Ball, location: 2F
0-2: Ball
1-2: Strikes out swinging
Batting: LHB Miguel Rosa 0-0: Foul Ball, location: 2F
0-1: Fly out, F7 (Flyball, 7LD)
Bottom of the 8th over - 0 run(s), 0 hit(s), 0 error(s), 0 left on base; Detroit 14 - Tuscaloosa 4
TOP OF THE 9TH
Detroit X-Wings batting - Pitching for Tuscaloosa Trout Slayers : LHP Luis López
Pitching: RHP John Charles
Now at 1B: Ed Hart
Batting: RHB Carlos Aguirre 0-0: Foul Ball, location: 2F
0-1: Called Strike
0-2: Ball
1-2: Foul Ball, location: 2F
1-2: Strikes out swinging, 2-3 out at first.
Batting: SHB Felipe Detorres 0-0: SINGLE (Line Drive, 8LS)
Batting: LHB Paul Alston 0-0: Called Strike
0-1: Called Strike
0-2: Foul Ball, location: 2F
0-2: Ball
1-2: Ball
2-2: Foul Ball, location: 2F
2-2: Ball
3-2: Foul Ball, location: 2F
3-2: Base on Balls
Felipe Detorres to second
Batting: LHB Sergio Luna 0-0: Ball
1-0: Foul Ball, location: 2F
1-1: Called Strike
1-2: Strikes out swinging
Batting: RHB Gary Witt 0-0: Ball
1-0: Called Strike
1-1: Ball
2-1: Ball
3-1: Base on Balls
Felipe Detorres to third
Paul Alston to second
Batting: LHB Juan Colón 0-0: Ball
1-0: Ball
2-0: Called Strike
2-1: Ball
3-1: Base on Balls
Felipe Detorres scores
Paul Alston to third
Gary Witt to second
Batting: LHB Chris Loudermilk 0-0: Called Strike
0-1: Fly out, F8 (Line Drive, 8LM)
Top of the 9th over - 1 run(s), 1 hit(s), 0 error(s), 3 left on base; Detroit 15 - Tuscaloosa 4
BOTTOM OF THE 9TH
Tuscaloosa Trout Slayers batting - Pitching for Detroit X-Wings : RHP Art Kelley
Now at 1B: Domingo Ávila
Now at 2B: Albert Chávez
Now at 3B: Robby Lewis
Batting: RHB Jason Saunders 0-0: Swinging Strike
0-1: Ground out 1-3 (Groundball, 13)
Batting: LHB Mark Owens 0-0: Called Strike
0-1: Ball
1-1: Ball
2-1: Ball
3-1: Base on Balls
Batting: RHB Pat Fullerton 0-0: Ball
1-0: Called Strike
1-1: Ball
2-1: Fly out, F4 (Line Drive, 4)
Lined into DP, 4-3 (Line Drive, 4)
Bottom of the 9th over - 0 run(s), 0 hit(s), 0 error(s), 0 left on base; Detroit 15 - Tuscaloosa 4
Thursday, March 30th, 2017 - OOTP Baseball 17.12 Build 75